 Dungeon Crawl Stone Soup version 0.29.1-13-g9f3cf754e1 (webtiles) character file.

Game seed: 13793700757495337026

65 Thatpatchoflichen the Shooter (level 4, -4/35 HPs)
             Began as a Human Hunter on Feb 11, 2023.
             Slain by a gnoll
             ... wielding a +0 flail
             ... led by a gnoll bouda
              (7 damage)
             ... on level 4 of the Dungeon.
             The game lasted 00:06:43 (1825 turns).

Thatpatchoflichen the Shooter (Human Hunter)        Turns: 1825, Time: 00:06:44

Health: -4/35      AC:  6    Str: 11    XL:     4   Next: 35%
Magic:  4/4        EV: 11    Int:  9    God:
Gold:   229        SH:  0    Dex: 19    Spells: 3/3 levels left

rFire   . . .      SeeInvis .   a - +0 shortbow
rCold   . . .      Faith    .   (shield currently unavailable)
rNeg    . . .      Spirit   .   l - +0 ring mail
rPois   .          Reflect  .   (no helmet)
rElec   .          Harm     .   (no cloak)
rCorr   .          Rampage  .   s - +0 pair of gloves
Will    .....                   (no boots)
Stlth   +.........              (no amulet)
HPRegen 0.11/turn               (no ring)
MPRegen 0.09/turn               (no ring)

@: no status effects
A: no striking features
a: no special abilities


You were on level 4 of the Dungeon.
You visited 1 branch of the dungeon, and saw 4 of its levels.

You collected 229 gold pieces.

Inventory:

Hand Weapons
 a - a +0 shortbow (weapon)
 k - a +1 dagger of pain
Missiles
 t - 4 poisoned darts
Armour
 l - a +0 ring mail (worn)
 s - a +0 pair of gloves (worn)
Scrolls
 b - 2 scrolls of immolation
 e - 2 scrolls of enchant weapon {unknown}
 f - a scroll of poison {unknown}
 i - 2 scrolls of identify {unknown}
 m - a scroll of brand weapon {unknown}
 o - 2 scrolls of teleportation {unknown}
 q - a scroll of torment {unknown}
 r - a scroll of vulnerability {unknown}
 u - a scroll of blinking {unknown}
Potions
 c - 6 potions of curing {unknown}
 d - a potion of resistance {unknown}
 g - 2 potions of attraction {unknown}
 h - 2 potions of brilliance {unknown}
 j - a potion of flight {unknown}
 n - 2 potions of haste {unknown}
 p - 2 potions of magic {unknown}


   Skills:
 + Level 3.0 Fighting
 + Level 4.5 Ranged Weapons
 + Level 2.9 Dodging
 - Level 1.0 Stealth


You had 3 spell levels left.
You didn't know any spells.
Your spell library contained the following spells:

 Spells                   Type           Power      Damage    Failure   Level
 Sandblast                Erth           0%         2d4       69%         1
 Slow                     Hex            0%         N/A       69%         1
 Passwall                 Tmut/Erth      0%         N/A       83%         2
 Sublimation of Blood     Necr           0%         N/A       83%         2
 Wereblood                Tmut           0%         N/A       83%         2
 Confusing Touch          Hex            0%         N/A       96%         3
 Ignite Poison            Fire/Tmut/Pois 0%         N/A       96%         3
 Mephitic Cloud           Conj/Pois/Air  0%         N/A       96%         3
 Stone Arrow              Conj/Erth      0%         3d7       96%         3
 Vampiric Draining        Necr           0%         2d6       96%         3
 Freezing Cloud           Conj/Ice/Air   0%         6-21      100%        5
 Summon Hydra             Summ           0%         N/A       100%        7


Dungeon Overview and Level Annotations

Branches:
Dungeon (4/15)
 Temple: D:4-7

Altars:

Shops:
D:4 [=

Annotations:
D:3 2 transporters, Pargi; javelincjr's ghost, weakling DsTm


Message History

Press: ? - help, Q - select action, (/) - cycle Shift-Dir - straight line, f - gnoll
Aim: a gnoll, wielding a +0 flail (68% to hit)
You shoot an arrow. The arrow barely misses the gnoll. x2
Unknown command.
Fire: a) +0 shortbow
Press: ? - help, Q - select action, (/) - cycle Shift-Dir - straight line, f/p - gnoll
Aim: a gnoll, wielding a +0 flail (68% to hit)
You shoot an arrow.
The arrow hits the gnoll but does no damage.
The gnoll hits you but does no damage.
The gnoll hits you from afar with a +0 spear.
Fire: a) +0 shortbow
Press: ? - help, Q - select action, (/) - cycle Shift-Dir - straight line, f/p - gnoll
Aim: a gnoll, wielding a +0 flail (68% to hit)
You shoot an arrow. The arrow barely misses the gnoll. x2
The gnoll hits you with a +0 flail! The gnoll hits you but does no damage.
The gnoll hits you with a +0 flail! The gnoll barely misses you.
Fire: a) +0 shortbow
Press: ? - help, Q - select action, (/) - cycle Shift-Dir - straight line, f/p - gnoll
Aim: a gnoll, wielding a +0 flail (68% to hit)
You shoot an arrow. The arrow barely misses the gnoll. x2
The gnoll hits you with a +0 flail.
The gnoll hits you from afar with a +0 spear.
Fire: a) +0 shortbow
Press: ? - help, Q - select action, (/) - cycle Shift-Dir - straight line, f/p - gnoll
Aim: a gnoll, wielding a +0 flail (68% to hit)
You shoot an arrow. The arrow hits the gnoll.
The gnoll is moderately wounded.
The gnoll hits you with a +0 flail.
* * * LOW HITPOINT WARNING * * *
The gnoll hits you but does no damage. The gnoll barely misses you.
The gnoll hits you with a +0 flail.
* * * LOW HITPOINT WARNING * * *
The gnoll attacks as you move away! The gnoll barely misses you.
A gnoll bouda comes into view. It is wielding a +0 club.
You open the door.
A goblin comes into view. It is wielding a +0 dagger.
The goblin shouts!
The gnoll hits you with a +0 flail!
You die...

+.....[.....+
8.........8 .#
....g.... ..#
8.....8 ...#
..... ...
....##8.8 ...
##...##'##
..##......@.#
.........g.# .
.......g.## g.
g.......# ...
#..####.# ....
#†# #.# ......
##.#####.##......
#.....##.........
##...###.......##


You could see a gnoll bouda (wandering), 2 gnolls and a goblin.

Vanquished Creatures
  An ufetubus (D:4)
  2 worms
  A dart slug (D:4)
  5 endoplasms
  6 giant cockroaches
  7 goblins
  3 hobgoblins
  3 kobolds
  3 quokkas
  10 ball pythons
  4 bats (D:1)
  A frilled lizard (D:2)
  3 rats
49 creatures vanquished.

Notes
Turn   | Place    | Note
-------+----------+-------------------------------------------
     0 | D:1      | Thatpatchoflichen the Human Hunter began the quest for the
                  | Orb.
     0 | D:1      | Reached XP level 1. HP: 16/16 MP: 1/1
    81 | D:1      | Reached XP level 2. HP: 22/22 MP: 2/2
   280 | D:1      | Found a faded altar of an unknown god.
   283 | D:1      | Reached XP level 3. HP: 24/28 MP: 3/3
  1425 | D:3      | Noticed Pargi
  1476 | D:3      | Reached XP level 4. HP: 34/34 MP: 4/4
  1499 | D:3      | Found a transporter.
  1524 | D:3      | Found a transporter.
  1529 | D:3      | Noticed javelincjr's ghost (weakling DsTm)
  1576 | D:4      | Found Xaicza's Armour Shoppe.
  1741 | D:4      | Found Weze Alu's Jewellery Shoppe.
  1776 | D:4      | Noticed an ogre
  1825 | D:4      | Slain by a gnoll

Illustrated notes

Levels and vault maps discovered:
D:1:      minmay_arrival_glassed_features, layout_basic, basic_ecumenical_altar,
          hangedman_decor_push, nrook_mini_backslash
D:2:      layout_basic, st_stairs_9
D:3:      layout_basic, grunt_temple_overflow_champion_of_chaos,
          gammafunk_ghost_mausoleum, uniq_pargi
D:4:      minmay_clustersquares, layout_cave_pools, serial_shops,
          nicolae_shop_window_shopping, nicolae_shop_stone, shop,
          kennysheep_mini_moat, shop, dk_noncrumbling_4

Skill      XL: |  1  2  3  4 |
---------------+-------------+-----
Fighting       | 3 |  3.0
Ranged Weapons | |  4.5
Dodging        | |  2.9
Stealth        | |  1.0

Action                   |  1- 3 |  4- 6 || total
-------------------------+-------+-------++-------
 Fire: Shortbow          |    95 |    30 ||   125
Armor: Leather armour    |     5 |       ||     5
       Ring mail         |    25 |     7 ||    32
Dodge: Dodged            |    36 |     9 ||    45
